 Dungeon Crawl Stone Soup version 0.29.1-1-gd02db6906a (webtiles) character file.

Game seed: 13896076253380135635

47 Sanktem7 the Trooper (level 3, -2/34 HPs)
             Began as a Minotaur Fighter on Oct 2, 2022.
             Slain by an orc wizard
             ... wielding a +1 dagger of protection
              (4 damage)
             ... on level 3 of the Dungeon.
             The game lasted 00:02:45 (1320 turns).

Sanktem7 the Trooper (Minotaur Fighter)             Turns: 1320, Time: 00:02:46

Health: -2/34      AC:  6    Str: 22    XL:     3   Next: 48%
Magic:  2/2        EV:  9    Int:  5    God:
Gold:   163        SH:  4    Dex:  9    Spells: 2/2 levels left

rFire   . . .      SeeInvis .   a - +0 war axe {axe}
rCold   . . .      Faith    .   c - +0 buckler
rNeg    . . .      Spirit   .   b - +0 scale mail
rPois   .          Reflect  .   (helmet restricted)
rElec   .          Harm     .   (no cloak)
rCorr   .          Rampage  .   (no gloves)
Will    .....                   (no boots)
Stlth   ..........              (no amulet)
HPRegen 0.11/turn               (no ring)
MPRegen 0.08/turn               (no ring)

@: no status effects
A: horns 2, retaliatory headbutt
a: no special abilities


You were on level 3 of the Dungeon.
You visited 1 branch of the dungeon, and saw 3 of its levels.

You collected 163 gold pieces.


Innate Abilities, Weirdness & Mutations

You have a pair of horns on your head.
You reflexively headbutt those who attack you in melee.


   Skills:
 * Level 4.7 Fighting
 * Level 3.7 Axes
 - Level 3.6 Armour
 - Level 3.6 Shields


You had 2 spell levels left.
You didn't know any spells.
Your spell library contained the following spells:

 Spells                   Type           Power      Damage    Failure   Level
 Dispersal                Tloc           0%         N/A       100%        6
 Disjunction              Tloc           0%         N/A       100%        8

Inventory:

Hand Weapons
 a - a +0 war axe (weapon) {axe}
Missiles
 m - 16 stones (quivered) {throwing}
Armour
 b - a +0 scale mail (worn)
 c - a +0 buckler (worn)
 e - a +0 scale mail
   (You found it on level 1 of the Dungeon)
 s - a +0 ring mail
   (You found it on level 2 of the Dungeon)
Jewellery
 g - a ring of magical power
   (You found it on level 1 of the Dungeon)
 o - a ring of magical power
   (You found it on level 1 of the Dungeon)
Wands
 h - a wand of iceblast (10)
   (You found it on level 2 of the Dungeon)
Scrolls
 i - a scroll of acquirement {unknown}
 l - 2 scrolls of identify {unknown}
 n - a scroll of fear {unknown}
 q - 2 scrolls of teleportation {unknown}
Potions
 d - 2 potions of might
 f - 3 potions of brilliance {unknown}
 j - a potion of ambrosia {unknown}
 k - a potion of degeneration {unknown}
 p - a potion of heal wounds {unknown}
 r - 2 potions of magic {unknown}

Dungeon Overview and Level Annotations

Branches:
Dungeon (3/15) Zot: 16663

Altars:

### ##.## ##...## #
##.....##.#
############.......#.#
#.........o..........#
#.##...@..o........#####
#.##.########...........
#.##.# ##...#######
#.##.# #..## #.##.#
#######..## #<##.#
#..oo.....# #.##.#
#..####...#
#.##.###..####...#####
#........o............


You could see 2 orcs.


Message History

You kill the ball python!
The orc hits you but does no damage. The orc completely misses you.
You slash the orc!
You kill the orc!
You slash the orc!
You kill the orc!
The orc hits you but does no damage.
The orc hits you from afar with a +0 trident. 😕 HP[-6]
You take 6 damage, and now have 27/34 hp.
You closely miss the orc wizard.
The orc wizard hits you but does no damage.
The orc completely misses you.
You slash the orc wizard!
The orc hits you from afar with a +0 trident. 😮 HP[-4]
You take 4 damage, and now have 23/34 hp.
You are too injured to fight recklessly!
You are too injured to fight recklessly!
You are too injured to fight recklessly!
You are too injured to fight recklessly!
You are too injured to fight recklessly!
You are too injured to fight recklessly!
You are too injured to fight recklessly!
You are too injured to fight recklessly!
You are too injured to fight recklessly!
You are too injured to fight recklessly!
Unknown command.
You barely miss the orc wizard. You hit the orc but do no damage.
The orc wizard hits you with a +1 dagger of protection.
The orc hits you with a +0 short sword.
* * * LOW HITPOINT WARNING * * *
The orc hits you but does no damage. The orc hits you with a +0 short sword.
* * * LOW HITPOINT WARNING * * *
The goblin hits you but does no damage.
The orc wizard hits you with a +1 dagger of protection.
* * * LOW HITPOINT WARNING * * *
The orc hits you from afar with a +0 trident.
* * * LOW HITPOINT WARNING * * *
😨 HP[-14]
You take 14 damage, and now have 9/34 hp.
MASSIVE DAMAGE!! (PAUSE)
The orc attacks as you move away! The orc hits you with a +0 short sword.
* * * LOW HITPOINT WARNING * * *
😱 HP[-1]
You take 1 damage, and now have 8/34 hp.
The orc wizard points at you and mumbles some strange words.
You resist with significant effort. 😨 HP[+1]
You slash the goblin!
You kill the goblin!
The orc wizard casts a spell.
The orc wizard flickers and vanishes!
Deactivating autopickup; reactivate with Ctrl-A.
Something hits you but does no damage.
You hear some strange, mumbled words.
You are confused.
You bump into the rock wall.
Something hits you but does no damage.
The orc hits you but does no damage. 😨 HP[+1]
You bump into the rock wall.
You feel less confused. Something hits you but does no damage.
The orc hits you but does no damage.
You hear some strange, mumbled words.
You are confused.
You bump into the rock wall.
You see here a +0 short sword {short}.
Something hits you but does no damage.
You hear some strange, mumbled words.
You are more confused.
A magic dart appears from out of thin air!
The magic dart hits you but does no damage. 😨 HP[+1]
You bump into the rock wall.
You bump into the rock wall.
You feel less confused.
A magic dart appears from out of thin air!
The magic dart hits you!
* * * LOW HITPOINT WARNING * * *
😱 HP[-8]
You take 8 damage, and now have 3/34 hp.
MASSIVE DAMAGE!! (PAUSE)
The orc hits you from afar with a +0 trident.
* * * LOW HITPOINT WARNING * * *
😱 HP[-2]
You take 2 damage, and now have 1/34 hp.
You hear some strange, mumbled words.
A puff of flame appears from out of thin air!
The puff of flame hits you.
* * * LOW HITPOINT WARNING * * *
You hear some strange, mumbled words.
You are confused.
Something hits you but does no damage.
Something hits you but does no damage. 😱 HP[+1]
You bump into the rock wall.
You feel less confused. You block the orc's attack. Something hits you.
You die...

Skill      XL: |  1  2 |
---------------+-------+-----
Fighting       | 4 |  4.7
Axes           | 3 |  3.7
Armour         | |  3.6
Shields        | |  3.6

Action                   || total
-------------------------++-------
Melee: War axe           ||    44
       Headbutt          ||     7
Armor: Scale mail        ||    37
Dodge: Dodged            ||    25
Block: Buckler           ||    14

Levels and vault maps discovered:
D:1:      denvon_arrival_planthouse, layout_rooms,
          nicolae_ecumenical_snake_handling
D:2:      layout_rooms
D:3:      layout_loops_ring, mainiacjoe_overflow_surrounded_room

Notes
Turn   | Place    | Note
-------+----------+-------------------------------------------
     0 | D:1      | Sanktem7 the Minotaur Fighter began the quest for the Orb.
     0 | D:1      | Reached XP level 1. HP: 19/19 MP: 0/0
     0 | D:1      | magus.rc [v1.9.6]
   294 | D:1      | Found a faded altar of an unknown god.
   313 | D:1      | Reached skill level 4 in Fighting
   313 | D:1      | Reached XP level 2. HP: 27/27 MP: 1/1
   316 | D:1      | Reached skill level 3 in Axes
   455 | D:1      | You fall into a shaft and drop 1 floor!
   615 | D:1      | Reached XP level 3. HP: 31/34 MP: 2/2
  1261 | D:3      | You pick up a book of the Warp and begin reading...
  1261 | D:3      | You add the spells Dispersal and Disjunction to your
                  | library.
  1280 | D:3      | HP: 8/34 [orc/+0 short sword (1)]
  1303 | D:3      | HP: 3/34 [something/magic dart (8)]
  1304 | D:3      | HP: 1/34 [orc/+0 trident (2)]
  1320 | D:3      | Slain by an orc wizard

Vanquished Creatures
  An adder (D:2)
  2 dart slugs
  2 orcs (D:3)
  7 ball pythons
  2 bats (D:1)
  4 goblins
  2 hobgoblins (D:2)
  4 jackals (D:1)
  4 kobolds
  A quokka (D:3)
  A frilled lizard (D:3)
30 creatures vanquished.

Table legend:
 A = Non-vault XP
 B = Vault XP
 C = Vault XP percentage of total XP
 D = Non-vault monster count
 E = Vault monster count
 F = Vault count percentage of total count
                 A         B        C        D         E       F
            +---------+---------+-------+---------+---------+-------
      Total |      64 |       4 |   5.9 |      27 |       3 |  10.0
            +---------+---------+-------+---------+---------+-------
        D:1 |      22 |       4 |  15.4 |      11 |       3 |  21.4
        D:2 |      28 |       0 |   0.0 |       9 |       0 |   0.0
        D:3 |      14 |       0 |   0.0 |       7 |       0 |   0.0
            +---------+---------+-------+---------+---------+-------

Illustrated notes

Table legend:
 A = Kills in this place as a percentage of kills in entire the game.
 B = Kills by you in this place as a percentage of kills by you in the entire game.
 C = Kills by friends in this place as a percentage of kills by friends in the entire game.
 D = Other kills in this place as a percentage of other kills in the entire game.
 E = Experience gained in this place as a percentage of experience gained in the entire game.
 F = Experience gained in this place divided by the number of levels of this place that you have seen.
                   A       B       C       D       E      F
               +-------+-------+-------+-------+-------+----------------------
         Total | 100.0 | 100.0 |   N/A |   N/A | 100.0 |  22.7
       Dungeon | 100.0 | 100.0 |   N/A |   N/A | 100.0 |  22.7
               +-------+-------+-------+-------+-------+----------------------

Table legend: (Time is in decaauts)
 A = Elapsed time spent in this place.
 B = Non-inter-level travel time spent in this place.
 C = Inter-level travel time spent in this place.
 D = Time resting spent in this place.
 E = Time spent auto-exploring this place.
 F = Levels seen in this place.
 G = Mean time per level.
                   A        B        C        D        E       F      G
               +--------+--------+--------+--------+--------+-----+--------+
         Total |   1336 |   1279 |     57 |      0 |   1091 |   3 |  445.3 |
       Dungeon |   1336 |   1279 |     57 |      0 |   1091 |   3 |  445.3 |
               +--------+--------+--------+--------+--------+-----+--------+

Top non-repeatable levels by time:
     D:1: 751 daAuts
     D:2: 454 daAuts
     D:3: 130 daAuts
